Devils vs Sénateurs
Created - 30 novembre 2014 at 19:15
Goals
|
| Devils |
1 |
1 |
1 |
3 |
| Sénateurs |
2 |
0 |
0 |
2 |
|
Shots
|
| Devils |
11 |
9 |
10 |
30 |
| Sénateurs |
15 |
3 |
11 |
29 |
|
1st period
1. Devils , Maxim Afinogenov 18 (Vincent Lecavalier, Ben Lovejoy) at 10:50
2. Sénateurs , Gilbert Brule 16 (Dan Hamhuis, Vitaly Vishnevsky) at 16:16
3. Sénateurs , Jean-Pierre Dumont 11 (Gilbert Brule) at 17:06 (PP)
Penalties :
Dustin Boyd (NJD) for Hooking (Minor) at 17:04, Carlo Colaiacovo (Ott) for Holding (Minor) at 18:55
2nd period
4. Devils , Guillaume Latendresse 8 (Andy Greene, Stephen Weiss) at 3:51
Penalties :
Vincent Lecavalier (NJD) for Hooking (Minor) at 6:26, Vitaly Vishnevsky (Ott) for Hooking (Minor) at 11:54
3rd period
5. Devils , Patric Hornqvist 12 (Stephen Weiss, Guillaume Latendresse) at 17:32 (PP)
Penalties :
Sami Salo (Ott) for Hooking (Minor) at 10:59, B.J. Crombeen (Ott) for Cross-checking (Minor) at 16:59
Goalie Stats
Viktor Fasth (NJD), 27 saves from 29 shots - (0,931), W, 14-4-2, 60:00 minutes
Jonas Hiller (Ott), 27 saves from 30 shots - (0,900), L, 9-8-3, 59:20 minutes
Players Stats for Devils
Player Name G A P +/- PIM S H SB GA TA FO MP PP MP PK MP
------------------------------------------------------------------------------------
Andy Greene 0 1 1 1 0 0 1 0 0 2 0/0 14:14 0:00 0:00
Antti Miettinen 0 0 0 0 0 2 0 0 0 0 0/0 8:19 0:00 0:00
Ben Lovejoy 0 1 1 0 0 3 0 3 1 1 0/0 21:58 2:29 0:00
Brad Ference 0 0 0 0 0 0 1 2 0 1 0/0 18:41 0:00 1:11
Dustin Boyd 0 0 0 0 2 2 2 0 0 0 3/6 11:23 0:00 0:24
Greg Stewart 0 0 0 0 0 0 1 0 0 2 0/0 9:14 0:00 0:33
Guillaume Latendresse 1 1 2 1 0 2 2 0 2 0 0/0 17:10 2:29 0:29
Jason Arnott 0 0 0 0 0 1 0 0 0 0 2/7 10:35 0:05 0:59
Jay Bouwmeester 0 0 0 0 0 1 0 1 2 0 0/0 23:50 4:01 0:50
Ladislav Nagy 0 0 0 0 0 3 0 0 0 1 0/1 12:00 0:00 0:38
Maxim Afinogenov 1 0 1 0 0 2 4 0 1 1 0/0 21:37 4:01 0:00
Mike Komisarek 0 0 0 0 0 1 0 0 0 1 0/0 23:44 2:29 1:11
Mike Lundin 0 0 0 1 0 0 0 0 1 2 0/0 17:33 4:01 0:50
Patric Hornqvist 1 0 1 1 0 3 0 0 0 0 1/1 16:41 2:29 0:00
Patrick Eaves 0 0 0 0 0 2 2 0 1 0 0/0 11:00 0:00 0:00
Stephen Weiss 0 2 2 1 0 3 3 0 0 0 9/13 16:41 2:29 0:00
Vincent Lecavalier 0 1 1 0 2 4 3 1 2 0 17/24 20:41 3:56 0:00
Zach Parise 0 0 0 0 0 1 0 3 2 1 0/0 22:36 4:01 0:59
Players Stats for Sénateurs
Player Name G A P +/- PIM S H SB GA TA FO MP PP MP PK MP
------------------------------------------------------------------------------------
Andrew Ebbett 0 0 0 0 0 3 0 0 4 0 2/2 12:21 0:00 0:19
Andy Hilbert 0 0 0 0 0 0 2 0 0 1 0/0 12:27 0:00 1:00
Andy McDonald 0 0 0 0 0 1 1 0 2 0 1/2 20:15 1:03 1:58
B.J. Crombeen 0 0 0 0 2 0 3 0 0 0 0/0 11:26 0:00 0:00
Carlo Colaiacovo 0 0 0 -1 2 0 1 2 0 0 0/0 18:05 0:55 1:48
Dan Girardi 0 0 0 -1 0 0 0 0 1 2 0/0 18:52 0:55 2:13
Dan Hamhuis 0 1 1 0 0 2 3 0 0 0 0/0 28:59 1:06 4:17
Darcy Hordichuk 0 0 0 0 0 4 1 0 0 1 0/0 14:59 0:58 0:03
Daymond Langkow 0 0 0 0 0 3 3 0 0 2 2/12 16:57 0:58 1:26
Gilbert Brule 1 1 2 0 0 3 2 0 1 1 13/28 21:47 1:03 4:03
Jean-Pierre Dumont 1 0 1 0 0 4 0 1 2 2 0/3 21:55 1:03 4:11
Nikita Alexeev 0 0 0 -1 0 1 0 0 1 0 0/0 8:48 0:00 0:00
Nikolai Kulemin 0 0 0 -1 0 0 0 0 0 0 0/0 8:48 0:00 0:00
Ryan Parent 0 0 0 0 0 2 0 0 0 0 0/0 14:11 0:00 1:39
Sami Salo 0 0 0 0 2 1 0 0 0 1 0/0 12:08 0:00 0:00
Todd Bertuzzi 0 0 0 0 0 1 5 0 0 0 1/1 14:56 0:58 0:00
Vernon Fiddler 0 0 0 -1 0 0 0 2 0 0 1/4 8:48 0:00 0:00
Vitaly Vishnevsky 0 1 1 0 2 4 2 1 1 2 0/0 27:44 1:06 3:03
3 Stars
1 - Guillaume Latendresse (NJD)
2 - Gilbert Brule (Ott)
3 - Stephen Weiss (NJD)
Power Play
Devils - 1 on 4 Attempt(s) - 25,00%
Sénateurs - 1 on 2 Attempt(s) - 50,00%
Penalty Kill
Devils - 1 on 2 Attempt(s) - 50,00%
- Score 0 goal in Penalty Kill
Sénateurs - 3 on 4 Attempt(s) - 75,00%
- Score 0 goal in Penalty Kill
Official
Referees : Meier Brad and Morton Dean
Linesman : Mark Pare and Brian Mach
Game Notes
No Game Note
Finance
Level 1 -- Attendance: 5704 (95,07%) -- Ticket Income 484 840 $
Level 2 -- Attendance: 4520 (90,40%) -- Ticket Income 226 000 $
Level 3 -- Attendance: 1787 (89,35%) -- Ticket Income 53 610 $
Level 4 -- Attendance: 3722 (93,05%) -- Ticket Income 55 830 $
Luxury Box -- Attendance: 761 (76,10%) -- Ticket Income 129 370 $
Game was played at the Place Banque Scotia
Total Attendance: 16494 (91,63%)
Total Ticket Income: 949 650 $
Other Income: 142 448 $
Total Income: 1 092 098 $
Devils
5 vs 5 Forward
Center Left Wing Right Wing Time % Phy DF OF
1 Vincent Lecavalier Zach Parise Maxim Afinogenov 40 1 2 2
2 Stephen Weiss Guillaume Latendresse Patric Hornqvist 30 1 2 2
3 Dustin Boyd Ladislav Nagy Patrick Eaves 20 1 2 2
4 Jason Arnott Greg Stewart Antti Miettinen 10 1 2 2
5 vs 5 Defense
Defense Defense Time % Phy DF OF
1 Jay Bouwmeester Mike Komisarek 40 1 2 2
2 Ben Lovejoy Brad Ference 30 1 2 2
3 Mike Lundin Andy Greene 20 1 2 2
4 Ben Lovejoy Brad Ference 10 1 2 2
PowerPlay Forward
Center Left Wing Right Wing Time % Phy DF OF
1 Vincent Lecavalier Zach Parise Maxim Afinogenov 60 0 2 3
2 Stephen Weiss Guillaume Latendresse Patric Hornqvist 40 0 2 3
PowerPlay Defense
Defense Defense Time % Phy DF OF
1 Mike Lundin Jay Bouwmeester 60 1 2 2
2 Ben Lovejoy Mike Komisarek 40 1 2 2
Penalty Kill 4 Players Forward
Center Wing Time % Phy DF OF
1 Jason Arnott Zach Parise 60 1 2 2
2 Vincent Lecavalier Guillaume Latendresse 40 1 2 2
Penalty Kill 4 Players Defense
Defense Defense Time % Phy DF OF
1 Brad Ference Mike Komisarek 60 1 2 2
2 Jay Bouwmeester Mike Lundin 40 1 2 2
Penalty Kill - 3 Players Forward
Forward Time % Phy DF OF
1 Jason Arnott 60 1 2 2
2 Vincent Lecavalier 40 1 2 2
Penalty Kill - 3 Players Defense
Defense Defense Time % Phy DF OF
1 Mike Lundin Brad Ference 60 1 2 2
2 Mike Komisarek Jay Bouwmeester 40 1 2 2
4 vs 4 Forward
Center Wing Time % Phy DF OF
1 Stephen Weiss Guillaume Latendresse 60 1 2 2
2 Vincent Lecavalier Zach Parise 40 1 2 2
4 vs 4 Defense
Defense Defense Time % Phy DF OF
1 Brad Ference Mike Komisarek 60 1 2 2
2 Jay Bouwmeester Mike Lundin 40 1 2 2
Last Minutes Offensive
Center Left Wing Right Wing Defense Defense
Vincent Lecavalier Guillaume Latendresse Maxim Afinogenov Ben Lovejoy Jay Bouwmeester
Last Minutes Defensive
Center Left Wing Right Wing Defense Defense
Jason Arnott Zach Parise Maxim Afinogenov Mike Komisarek Jay Bouwmeester
Goaltenders
Starting : Viktor Fasth
Backup : Dan Ellis
Extra Forwards
Normal : Jason Arnott, Antti Miettinen, Ladislav Nagy - PP : Jason Arnott, Greg Stewart - PK : Ladislav Nagy
Extra Defensemen
Normal : Ben Lovejoy, Mike Komisarek, Andy Greene - PP : Ben Lovejoy - PK : Ben Lovejoy, Mike Lundin
Penalty Shots
Vincent Lecavalier, Maxim Afinogenov, Guillaume Latendresse, Patric Hornqvist, Zach Parise
Sénateurs
5 vs 5 Forward
Center Left Wing Right Wing Time % Phy DF OF
1 Gilbert Brule Andy McDonald Jean-Pierre Dumont 40 1 2 2
2 Daymond Langkow Darcy Hordichuk Todd Bertuzzi 30 1 2 2
3 Andrew Ebbett Andy Hilbert B.J. Crombeen 20 1 2 2
4 Vernon Fiddler Nikolai Kulemin Nikita Alexeev 10 1 2 2
5 vs 5 Defense
Defense Defense Time % Phy DF OF
1 Vitaly Vishnevsky Dan Hamhuis 40 1 2 2
2 Dan Girardi Carlo Colaiacovo 30 1 2 2
3 Sami Salo Ryan Parent 20 1 2 2
4 Vitaly Vishnevsky Dan Hamhuis 10 1 2 2
PowerPlay Forward
Center Left Wing Right Wing Time % Phy DF OF
1 Gilbert Brule Andy McDonald Jean-Pierre Dumont 60 1 2 2
2 Daymond Langkow Darcy Hordichuk Todd Bertuzzi 40 1 2 2
PowerPlay Defense
Defense Defense Time % Phy DF OF
1 Vitaly Vishnevsky Dan Hamhuis 60 1 2 2
2 Dan Girardi Carlo Colaiacovo 40 1 2 2
Penalty Kill 4 Players Forward
Center Wing Time % Phy DF OF
1 Gilbert Brule Jean-Pierre Dumont 60 1 2 2
2 Daymond Langkow Andy McDonald 40 1 2 2
Penalty Kill 4 Players Defense
Defense Defense Time % Phy DF OF
1 Vitaly Vishnevsky Dan Hamhuis 60 1 2 2
2 Dan Girardi Carlo Colaiacovo 40 1 2 2
Penalty Kill - 3 Players Forward
Forward Time % Phy DF OF
1 Gilbert Brule 60 1 2 2
2 Jean-Pierre Dumont 40 1 2 2
Penalty Kill - 3 Players Defense
Defense Defense Time % Phy DF OF
1 Vitaly Vishnevsky Dan Hamhuis 60 1 2 2
2 Dan Girardi Carlo Colaiacovo 40 1 2 2
4 vs 4 Forward
Center Wing Time % Phy DF OF
1 Gilbert Brule Jean-Pierre Dumont 60 1 2 2
2 Daymond Langkow Andy McDonald 40 1 2 2
4 vs 4 Defense
Defense Defense Time % Phy DF OF
1 Vitaly Vishnevsky Dan Hamhuis 60 1 2 2
2 Dan Girardi Carlo Colaiacovo 40 1 2 2
Last Minutes Offensive
Center Left Wing Right Wing Defense Defense
Gilbert Brule Andy McDonald Jean-Pierre Dumont Vitaly Vishnevsky Dan Hamhuis
Last Minutes Defensive
Center Left Wing Right Wing Defense Defense
Gilbert Brule Andy McDonald Jean-Pierre Dumont Vitaly Vishnevsky Dan Hamhuis
Goaltenders
Starting : Jonas Hiller
Backup : Jeff Deslauriers
Extra Forwards
Normal : Andrew Ebbett, B.J. Crombeen, Andy Hilbert - PP : Andrew Ebbett, B.J. Crombeen - PK : Andy Hilbert
Extra Defensemen
Normal : Sami Salo, Ryan Parent, Dan Girardi - PP : Sami Salo - PK : Ryan Parent, Dan Girardi
Penalty Shots
Gilbert Brule, Jean-Pierre Dumont, Daymond Langkow, Andy McDonald, Darcy Hordichuk
% Time on Ice - Devils
Lines # - Real PCT - Wanted PCT - Time Play
Normal Forward
1 - 34% - 40% - 16:55
2 - 28% - 30% - 14:12
3 - 22% - 20% - 11:00
4 - 16% - 10% - 8:19
Normal Defense
1 - 38% - 40% - 19:03
2 - 30% - 30% - 15:11
3 - 24% - 20% - 12:17
4 - 8% - 10% - 3:55
PP Forward
1 - 62% - 60% - 4:01
2 - 38% - 40% - 2:29
PP Defense
1 - 62% - 60% - 4:01
2 - 38% - 40% - 2:29
PK Forward
1 - 76% - 60% - 1:32
2 - 24% - 40% - 0:29
PK Defense
1 - 59% - 60% - 1:11
2 - 41% - 40% - 0:50
PK3 Forward
1 - 0% - 60%
2 - 0% - 40%
PK3 Defense
1 - 0% - 60%
2 - 0% - 40%
44 Forward
1 - 0% - 60%
2 - 0% - 40%
44 Defense
1 - 0% - 60%
2 - 0% - 40%
Last Minute Offensive - 0:00
Last Minute Defensive - 1:03
Total
Forward - 60:00
Defense - 60:00
|
% Time on Ice - Sénateurs
Lines # - Real PCT - Wanted PCT - Time Play
Normal Forward
1 - 32% - 40% - 16:12
2 - 29% - 30% - 14:33
3 - 22% - 20% - 11:27
4 - 17% - 10% - 8:48
Normal Defense
1 - 39% - 40% - 19:50
2 - 30% - 30% - 15:22
3 - 24% - 20% - 12:09
4 - 7% - 10% - 3:39
PP Forward
1 - 52% - 60% - 1:03
2 - 48% - 40% - 0:58
PP Defense
1 - 55% - 60% - 1:06
2 - 45% - 40% - 0:55
PK Forward
1 - 78% - 60% - 5:04
2 - 22% - 40% - 1:26
PK Defense
1 - 67% - 60% - 4:20
2 - 33% - 40% - 2:10
PK3 Forward
1 - 0% - 60%
2 - 0% - 40%
PK3 Defense
1 - 0% - 60%
2 - 0% - 40%
44 Forward
1 - 0% - 60%
2 - 0% - 40%
44 Defense
1 - 0% - 60%
2 - 0% - 40%
Last Minute Offensive - 0:29
Last Minute Defensive - 0:00
Total
Forward - 60:00
Defense - 60:00
|
Play by Play
1st period
0:01 of 1st period - Vincent Lecavalier wins face-off versus Gilbert Brule in neutral zone.
0:34 of 1st period - Slapshot by Stephen Weiss.
0:34 of 1st period - Shot Misses the Net.
1:07 of 1st period - Slapshot by Nikita Alexeev.
1:07 of 1st period - Stopped by Viktor Fasth with a rebound.
1:17 of 1st period - Andy Greene is hit by Dan Hamhuis and loses puck.
3:05 of 1st period - Snap shot by Vincent Lecavalier.
3:05 of 1st period - Shot Blocked by Carlo Colaiacovo.
3:07 of 1st period - Wrist shot by Vincent Lecavalier.
3:07 of 1st period - Stopped by Jonas Hiller with a rebound.
3:19 of 1st period - Andy Greene is hit by Daymond Langkow and loses puck.
3:44 of 1st period - Andy Greene is hit by Andy Hilbert and loses puck.
4:03 of 1st period - Slapshot by Vincent Lecavalier.
4:03 of 1st period - Shot Blocked by Vernon Fiddler.
4:14 of 1st period - Icing by Ryan Parent.
4:15 of 1st period - Gilbert Brule wins face-off versus Jason Arnott in Sénateurs zone.
6:31 of 1st period - Slapshot by Stephen Weiss.
6:31 of 1st period - Shot Misses the Net.
6:49 of 1st period - Slapshot by Dustin Boyd.
6:49 of 1st period - Shot Blocked by Vernon Fiddler.
7:36 of 1st period - Carlo Colaiacovo is hit by Maxim Afinogenov.
7:49 of 1st period - Icing by Brad Ference.
7:50 of 1st period - Patric Hornqvist wins face-off versus Daymond Langkow in Devils zone.
8:01 of 1st period - Wrist shot by Daymond Langkow.
8:01 of 1st period - Shot Blocked by Ben Lovejoy.
8:15 of 1st period - Snap shot by Vincent Lecavalier.
8:15 of 1st period - Stopped by Jonas Hiller with a rebound.
8:17 of 1st period - Snap shot by Zach Parise.
8:17 of 1st period - Stopped by Jonas Hiller without a rebound.
8:18 of 1st period - Vincent Lecavalier wins face-off versus Gilbert Brule in Sénateurs zone.
8:52 of 1st period - Snap shot by Todd Bertuzzi.
8:52 of 1st period - Stopped by Viktor Fasth with a rebound.
8:54 of 1st period - Snap shot by Dan Hamhuis.
8:54 of 1st period - Stopped by Viktor Fasth without a rebound.
8:55 of 1st period - Vincent Lecavalier wins face-off versus Gilbert Brule in Devils zone.
9:00 of 1st period - Snap shot by Jean-Pierre Dumont.
9:00 of 1st period - Shot Blocked by Zach Parise.
9:02 of 1st period - Snap shot by Sami Salo.
9:02 of 1st period - Stopped by Viktor Fasth with a rebound.
9:04 of 1st period - Slapshot by Ryan Parent.
9:04 of 1st period - Stopped by Viktor Fasth without a rebound.
9:05 of 1st period - Vincent Lecavalier wins face-off versus Jean-Pierre Dumont in Devils zone.
9:25 of 1st period - Wrist shot by Jean-Pierre Dumont.
9:25 of 1st period - Stopped by Viktor Fasth without a rebound.
9:26 of 1st period - Stephen Weiss wins face-off versus Daymond Langkow in Devils zone.
9:26 of 1st period - Stephen Weiss is hit by Todd Bertuzzi.
9:34 of 1st period - Slapshot by Stephen Weiss.
9:34 of 1st period - Deflect By Patric Hornqvist.
9:34 of 1st period - Stopped by Jonas Hiller without a rebound.
9:35 of 1st period - Daymond Langkow wins face-off versus Stephen Weiss in Sénateurs zone.
9:58 of 1st period - Snap shot by Todd Bertuzzi.
9:58 of 1st period - Deflect By Daymond Langkow.
9:58 of 1st period - Stopped by Viktor Fasth with a rebound.
10:08 of 1st period - Wrist shot by Guillaume Latendresse.
10:08 of 1st period - Shot Misses the Net.
10:10 of 1st period - Wrist shot by Guillaume Latendresse.
10:10 of 1st period - Stopped by Jonas Hiller without a rebound.
10:11 of 1st period - Vincent Lecavalier wins face-off versus Gilbert Brule in Sénateurs zone.
10:48 of 1st period - Slapshot by Vincent Lecavalier.
10:48 of 1st period - Shot Misses the Net.
10:50 of 1st period - Snap shot by Maxim Afinogenov.
10:50 of 1st period - Goal by Maxim Afinogenov - Devils : 1 - Sénateurs : 0.
10:51 of 1st period - Gilbert Brule wins face-off versus Dustin Boyd in neutral zone.
10:54 of 1st period - Slapshot by Gilbert Brule.
10:54 of 1st period - Shot Blocked by Jay Bouwmeester.
11:08 of 1st period - Gilbert Brule is hit by Dustin Boyd and loses puck.
11:27 of 1st period - Wrist shot by Andrew Ebbett.
11:27 of 1st period - Shot Misses the Net.
11:29 of 1st period - Slapshot by Dan Hamhuis.
11:29 of 1st period - Deflect By Mike Komisarek.
11:29 of 1st period - Stopped by Viktor Fasth without a rebound.
11:30 of 1st period - Stephen Weiss wins face-off versus Daymond Langkow in Devils zone.
12:16 of 1st period - Wrist shot by Andrew Ebbett.
12:16 of 1st period - Stopped by Viktor Fasth without a rebound.
12:17 of 1st period - Andrew Ebbett wins face-off versus Ladislav Nagy in Devils zone.
12:30 of 1st period - Snap shot by Dustin Boyd.
12:30 of 1st period - Stopped by Jonas Hiller with a rebound.
13:09 of 1st period - Wrist shot by Jason Arnott.
13:09 of 1st period - Stopped by Jonas Hiller without a rebound.
13:10 of 1st period - Jason Arnott wins face-off versus Daymond Langkow in Sénateurs zone.
14:00 of 1st period - Andy Greene is hit by Dan Hamhuis and loses puck.
14:41 of 1st period - Slapshot by Daymond Langkow.
14:41 of 1st period - Shot Misses the Net.
15:01 of 1st period - Wrist shot by Gilbert Brule.
15:01 of 1st period - Stopped by Viktor Fasth without a rebound.
15:02 of 1st period - Stephen Weiss wins face-off versus Gilbert Brule in Devils zone.
15:02 of 1st period - Stephen Weiss is hit by Gilbert Brule.
15:12 of 1st period - Slapshot by Ben Lovejoy.
15:12 of 1st period - Stopped by Jonas Hiller without a rebound.
15:13 of 1st period - Gilbert Brule wins face-off versus Vincent Lecavalier in Sénateurs zone.
15:21 of 1st period - Off-side.
15:22 of 1st period - Vincent Lecavalier wins face-off versus Gilbert Brule in neutral zone.
15:35 of 1st period - Snap shot by Gilbert Brule.
15:35 of 1st period - Stopped by Viktor Fasth with a rebound.
16:16 of 1st period - Snap shot by Gilbert Brule.
16:16 of 1st period - Goal by Gilbert Brule - Devils : 1 - Sénateurs : 1.
16:17 of 1st period - Stephen Weiss wins face-off versus Daymond Langkow in neutral zone.
17:04 of 1st period - Minor Penalty to Dustin Boyd for Hooking.
17:05 of 1st period - Gilbert Brule wins face-off versus Jason Arnott in Devils zone.
17:06 of 1st period - Snap shot by Jean-Pierre Dumont.
17:06 of 1st period - Goal by Jean-Pierre Dumont - Devils : 1 - Sénateurs : 2.
17:07 of 1st period - Todd Bertuzzi wins face-off versus Stephen Weiss in neutral zone.
17:10 of 1st period - Jay Bouwmeester is hit by Dan Hamhuis and loses puck.
17:17 of 1st period - Snap shot by Todd Bertuzzi.
17:17 of 1st period - Shot Misses the Net.
17:21 of 1st period - Snap shot by Todd Bertuzzi.
17:21 of 1st period - Shot Misses the Net.
17:23 of 1st period - Slapshot by Vitaly Vishnevsky.
17:23 of 1st period - Stopped by Viktor Fasth with a rebound.
18:13 of 1st period - Vernon Fiddler is hit by Greg Stewart and loses puck.
18:36 of 1st period - Wrist shot by Guillaume Latendresse.
18:36 of 1st period - Shot Misses the Net.
18:38 of 1st period - Snap shot by Zach Parise.
18:38 of 1st period - Shot Misses the Net.
18:40 of 1st period - Wrist shot by Ben Lovejoy.
18:40 of 1st period - Stopped by Jonas Hiller without a rebound.
18:41 of 1st period - Vincent Lecavalier wins face-off versus Jean-Pierre Dumont in Sénateurs zone.
18:55 of 1st period - Minor Penalty to Carlo Colaiacovo for Holding.
18:56 of 1st period - Vincent Lecavalier wins face-off versus Jean-Pierre Dumont in Sénateurs zone.
19:02 of 1st period - Snap shot by Vincent Lecavalier.
19:02 of 1st period - Stopped by Jonas Hiller with a rebound.
19:04 of 1st period - Slapshot by Jay Bouwmeester.
19:04 of 1st period - Shot Blocked by Vitaly Vishnevsky.
19:06 of 1st period - Snap shot by Vincent Lecavalier.
19:06 of 1st period - Shot Misses the Net.
19:22 of 1st period - Gilbert Brule is hit by Guillaume Latendresse and loses puck.
19:51 of 1st period - Wrist shot by Andy McDonald.
19:51 of 1st period - Stopped by Viktor Fasth with a rebound.
Goals for this period are 1 for Devils vs 2 for Sénateurs.
Shots for this period are 11 for Devils vs 15 for Sénateurs.
2nd period
0:01 of 2nd period - Gilbert Brule wins face-off versus Vincent Lecavalier in neutral zone.
0:55 of 2nd period - Penalty to Carlo Colaiacovo is over, Carlo Colaiacovo is back on ice.
2:02 of 2nd period - Snap shot by Vincent Lecavalier.
2:02 of 2nd period - Stopped by Jonas Hiller with a rebound.
3:45 of 2nd period - Wrist shot by Patrick Eaves.
3:45 of 2nd period - Stopped by Jonas Hiller without a rebound.
3:46 of 2nd period - Stephen Weiss wins face-off versus Gilbert Brule in Sénateurs zone.
3:47 of 2nd period - Slapshot by Patric Hornqvist.
3:47 of 2nd period - Deflect By Stephen Weiss.
3:47 of 2nd period - Stopped by Jonas Hiller with a rebound.
3:51 of 2nd period - Wrist shot by Guillaume Latendresse.
3:51 of 2nd period - Goal by Guillaume Latendresse - Devils : 2 - Sénateurs : 2.
3:52 of 2nd period - Gilbert Brule wins face-off versus Vincent Lecavalier in neutral zone.
4:23 of 2nd period - Wrist shot by Daymond Langkow.
4:23 of 2nd period - Stopped by Viktor Fasth without a rebound.
4:24 of 2nd period - Daymond Langkow wins face-off versus Stephen Weiss in Devils zone.
4:33 of 2nd period - Snap shot by Darcy Hordichuk.
4:33 of 2nd period - Shot Misses the Net.
4:48 of 2nd period - Icing by Vitaly Vishnevsky.
4:49 of 2nd period - Vincent Lecavalier wins face-off versus Gilbert Brule in Sénateurs zone.
4:58 of 2nd period - Snap shot by Maxim Afinogenov.
4:58 of 2nd period - Stopped by Jonas Hiller with a rebound.
5:00 of 2nd period - Slapshot by Jay Bouwmeester.
5:00 of 2nd period - Stopped by Jonas Hiller with a rebound.
5:02 of 2nd period - Slapshot by Mike Komisarek.
5:02 of 2nd period - Stopped by Jonas Hiller with a rebound.
5:04 of 2nd period - Snap shot by Maxim Afinogenov.
5:04 of 2nd period - Shot Misses the Net.
6:26 of 2nd period - Minor Penalty to Vincent Lecavalier for Hooking.
6:27 of 2nd period - Gilbert Brule wins face-off versus Jason Arnott in Devils zone.
8:26 of 2nd period - Penalty to Vincent Lecavalier is over, Vincent Lecavalier is back on ice.
9:02 of 2nd period - Ryan Parent is hit by Stephen Weiss and loses puck.
11:06 of 2nd period - Andrew Ebbett is hit by Brad Ference.
11:12 of 2nd period - Ben Lovejoy is hit by B.J. Crombeen and loses puck.
11:18 of 2nd period - Off-side.
11:19 of 2nd period - Stephen Weiss wins face-off versus Gilbert Brule in neutral zone.
11:24 of 2nd period - Slapshot by Ben Lovejoy.
11:24 of 2nd period - Shot Blocked by Carlo Colaiacovo.
11:45 of 2nd period - Vitaly Vishnevsky is hit by Patrick Eaves and loses puck.
11:52 of 2nd period - Wrist shot by Ladislav Nagy.
11:52 of 2nd period - Stopped by Jonas Hiller with a rebound.
11:54 of 2nd period - Minor Penalty to Vitaly Vishnevsky for Hooking.
11:55 of 2nd period - Vincent Lecavalier wins face-off versus Gilbert Brule in Sénateurs zone.
11:56 of 2nd period - Wrist shot by Zach Parise.
11:56 of 2nd period - Deflect By Vincent Lecavalier.
11:56 of 2nd period - Shot Misses the Net.
11:56 of 2nd period - Puck is out of play.
11:57 of 2nd period - Gilbert Brule wins face-off versus Vincent Lecavalier in Sénateurs zone.
12:52 of 2nd period - Maxim Afinogenov is hit by Andy McDonald and loses puck.
12:59 of 2nd period - Daymond Langkow is hit by Maxim Afinogenov and loses puck.
13:54 of 2nd period - Penalty to Vitaly Vishnevsky is over, Vitaly Vishnevsky is back on ice.
15:18 of 2nd period - Andy Greene is hit by Daymond Langkow and loses puck.
15:30 of 2nd period - Off-side.
15:31 of 2nd period - Stephen Weiss wins face-off versus Gilbert Brule in neutral zone.
15:36 of 2nd period - Wrist shot by Guillaume Latendresse.
15:36 of 2nd period - Shot Hit the Post.
15:38 of 2nd period - Snap shot by Stephen Weiss.
15:38 of 2nd period - Shot Misses the Net.
15:40 of 2nd period - Slapshot by Ben Lovejoy.
15:40 of 2nd period - Stopped by Jonas Hiller without a rebound.
15:41 of 2nd period - Andy McDonald wins face-off versus Vincent Lecavalier in Sénateurs zone.
16:28 of 2nd period - Mike Komisarek is hit by B.J. Crombeen and loses puck.
16:39 of 2nd period - Dan Hamhuis is hit by Patrick Eaves and loses puck.
16:52 of 2nd period - Gilbert Brule is hit by Maxim Afinogenov and loses puck.
17:34 of 2nd period - Patric Hornqvist is hit by Todd Bertuzzi and loses puck.
18:47 of 2nd period - Wrist shot by B.J. Crombeen.
18:47 of 2nd period - Shot Misses the Net.
19:01 of 2nd period - Snap shot by Andrew Ebbett.
19:01 of 2nd period - Stopped by Viktor Fasth with a rebound.
19:13 of 2nd period - Wrist shot by B.J. Crombeen.
19:13 of 2nd period - Shot Hit the Post.
19:15 of 2nd period - Wrist shot by Vitaly Vishnevsky.
19:15 of 2nd period - Stopped by Viktor Fasth without a rebound.
19:16 of 2nd period - Gilbert Brule wins face-off versus Vincent Lecavalier in Devils zone.
19:19 of 2nd period - Wrist shot by Gilbert Brule.
19:19 of 2nd period - Shot Misses the Net.
19:21 of 2nd period - Wrist shot by Andy McDonald.
19:21 of 2nd period - Shot Misses the Net.
19:23 of 2nd period - Snap shot by Andy McDonald.
19:23 of 2nd period - Shot Misses the Net.
19:43 of 2nd period - Patrick Eaves is hit by Todd Bertuzzi and loses puck.
Goals for this period are 1 for Devils vs 0 for Sénateurs.
Shots for this period are 9 for Devils vs 3 for Sénateurs.
3rd period
0:01 of 3rd period - Vincent Lecavalier wins face-off versus Andy McDonald in neutral zone.
0:49 of 3rd period - Andy Hilbert is hit by Dustin Boyd and loses puck.
0:54 of 3rd period - Slapshot by Dustin Boyd.
0:54 of 3rd period - Stopped by Jonas Hiller without a rebound.
0:55 of 3rd period - Vincent Lecavalier wins face-off versus Gilbert Brule in Sénateurs zone.
1:04 of 3rd period - Snap shot by Jean-Pierre Dumont.
1:04 of 3rd period - Stopped by Viktor Fasth without a rebound.
1:05 of 3rd period - Vincent Lecavalier wins face-off versus Gilbert Brule in Devils zone.
1:12 of 3rd period - Gilbert Brule is hit by Vincent Lecavalier and loses puck.
1:52 of 3rd period - Snap shot by Gilbert Brule.
1:52 of 3rd period - Shot Misses the Net.
1:54 of 3rd period - Snap shot by Dan Hamhuis.
1:54 of 3rd period - Shot Blocked by Zach Parise.
1:56 of 3rd period - Slapshot by Vitaly Vishnevsky.
1:56 of 3rd period - Stopped by Viktor Fasth with a rebound.
2:22 of 3rd period - Snap shot by Gilbert Brule.
2:22 of 3rd period - Deflect By Jean-Pierre Dumont.
2:22 of 3rd period - Stopped by Viktor Fasth with a rebound.
2:24 of 3rd period - Slapshot by Vitaly Vishnevsky.
2:24 of 3rd period - Shot Misses the Net.
2:34 of 3rd period - Slapshot by Jean-Pierre Dumont.
2:34 of 3rd period - Shot Blocked by Zach Parise.
2:48 of 3rd period - Snap shot by Gilbert Brule.
2:48 of 3rd period - Shot Blocked by Vincent Lecavalier.
2:50 of 3rd period - Slapshot by Dan Hamhuis.
2:50 of 3rd period - Shot Misses the Net.
2:52 of 3rd period - Slapshot by Vitaly Vishnevsky.
2:52 of 3rd period - Stopped by Viktor Fasth with a rebound.
2:54 of 3rd period - Slapshot by Dan Hamhuis.
2:54 of 3rd period - Shot Blocked by Brad Ference.
2:56 of 3rd period - Slapshot by Dan Hamhuis.
2:56 of 3rd period - Shot Blocked by Ben Lovejoy.
2:58 of 3rd period - Slapshot by Dan Hamhuis.
2:58 of 3rd period - Shot Blocked by Ben Lovejoy.
3:00 of 3rd period - Slapshot by Vitaly Vishnevsky.
3:00 of 3rd period - Deflect By Andy McDonald.
3:00 of 3rd period - Shot Blocked by Brad Ference.
3:00 of 3rd period - Puck is out of play.
3:01 of 3rd period - Stephen Weiss wins face-off versus Daymond Langkow in Devils zone.
3:01 of 3rd period - Stephen Weiss is hit by Darcy Hordichuk.
3:15 of 3rd period - Snap shot by Patric Hornqvist.
3:15 of 3rd period - Stopped by Jonas Hiller without a rebound.
3:16 of 3rd period - Dustin Boyd wins face-off versus Daymond Langkow in Sénateurs zone.
3:27 of 3rd period - Slapshot by Ladislav Nagy.
3:27 of 3rd period - Stopped by Jonas Hiller with a rebound.
3:43 of 3rd period - Slapshot by Stephen Weiss.
3:43 of 3rd period - Deflect By Andy Hilbert.
3:43 of 3rd period - Stopped by Jonas Hiller with a rebound.
3:53 of 3rd period - Andy Greene is hit by Andy Hilbert.
4:41 of 3rd period - Dan Girardi is hit by Guillaume Latendresse and loses puck.
5:18 of 3rd period - Andrew Ebbett is hit by Andy Greene and loses puck.
5:43 of 3rd period - Darcy Hordichuk is hit by Stephen Weiss and loses puck.
6:10 of 3rd period - Mike Lundin is hit by Vitaly Vishnevsky and loses puck.
6:21 of 3rd period - Wrist shot by Antti Miettinen.
6:21 of 3rd period - Stopped by Jonas Hiller with a rebound.
7:32 of 3rd period - Icing by Sami Salo.
7:33 of 3rd period - Jason Arnott wins face-off versus Vernon Fiddler in Sénateurs zone.
7:36 of 3rd period - Snap shot by Antti Miettinen.
7:36 of 3rd period - Stopped by Jonas Hiller without a rebound.
7:37 of 3rd period - Gilbert Brule wins face-off versus Jason Arnott in Sénateurs zone.
8:27 of 3rd period - Off-side.
8:28 of 3rd period - Gilbert Brule wins face-off versus Stephen Weiss in neutral zone.
8:31 of 3rd period - Jay Bouwmeester is hit by Gilbert Brule and loses puck.
8:40 of 3rd period - Snap shot by Stephen Weiss.
8:40 of 3rd period - Stopped by Jonas Hiller with a rebound.
8:54 of 3rd period - Maxim Afinogenov is hit by B.J. Crombeen and loses puck.
9:05 of 3rd period - Wrist shot by Andrew Ebbett.
9:05 of 3rd period - Stopped by Viktor Fasth without a rebound.
9:06 of 3rd period - Stephen Weiss wins face-off versus Daymond Langkow in Devils zone.
9:19 of 3rd period - Snap shot by Darcy Hordichuk.
9:19 of 3rd period - Stopped by Viktor Fasth with a rebound.
10:23 of 3rd period - Wrist shot by B.J. Crombeen.
10:23 of 3rd period - Shot Misses the Net.
10:25 of 3rd period - Backhand shot by Andrew Ebbett.
10:25 of 3rd period - Shot Misses the Net.
10:35 of 3rd period - Carlo Colaiacovo is hit by Stephen Weiss and loses puck.
10:59 of 3rd period - Minor Penalty to Sami Salo for Hooking.
11:00 of 3rd period - Vincent Lecavalier wins face-off versus Gilbert Brule in Sénateurs zone.
11:15 of 3rd period - Jean-Pierre Dumont is hit by Vincent Lecavalier and loses puck.
11:46 of 3rd period - Jean-Pierre Dumont is hit by Maxim Afinogenov and loses puck.
12:57 of 3rd period - Maxim Afinogenov is hit by Daymond Langkow and loses puck.
12:59 of 3rd period - Penalty to Sami Salo is over, Sami Salo is back on ice.
13:11 of 3rd period - Icing by Daymond Langkow.
13:12 of 3rd period - Dustin Boyd wins face-off versus Daymond Langkow in Sénateurs zone.
14:15 of 3rd period - Wrist shot by Dustin Boyd.
14:15 of 3rd period - Shot Blocked by Jean-Pierre Dumont.
14:17 of 3rd period - Slapshot by Mike Lundin.
14:17 of 3rd period - Shot Misses the Net.
14:19 of 3rd period - Snap shot by Dustin Boyd.
14:19 of 3rd period - Deflect By Ladislav Nagy.
14:19 of 3rd period - Stopped by Jonas Hiller with a rebound.
14:21 of 3rd period - Wrist shot by Patrick Eaves.
14:21 of 3rd period - Stopped by Jonas Hiller without a rebound.
14:22 of 3rd period - Vincent Lecavalier wins face-off versus Vernon Fiddler in Sénateurs zone.
14:23 of 3rd period - Snap shot by Zach Parise.
14:23 of 3rd period - Shot Misses the Net.
14:26 of 3rd period - Icing by Vitaly Vishnevsky.
14:27 of 3rd period - Vincent Lecavalier wins face-off versus Vernon Fiddler in Sénateurs zone.
15:00 of 3rd period - Snap shot by Darcy Hordichuk.
15:00 of 3rd period - Stopped by Viktor Fasth without a rebound.
15:01 of 3rd period - Dustin Boyd wins face-off versus Daymond Langkow in Devils zone.
15:01 of 3rd period - Dustin Boyd is hit by Carlo Colaiacovo.
15:58 of 3rd period - Slapshot by Jay Bouwmeester.
15:58 of 3rd period - Deflect By Patric Hornqvist.
15:58 of 3rd period - Shot Misses the Net.
15:58 of 3rd period - Puck is out of play.
15:59 of 3rd period - Vernon Fiddler wins face-off versus Dustin Boyd in Sénateurs zone.
16:59 of 3rd period - Minor Penalty to B.J. Crombeen for Cross-checking.
17:00 of 3rd period - Gilbert Brule wins face-off versus Vincent Lecavalier in Sénateurs zone.
17:13 of 3rd period - Gilbert Brule is hit by Vincent Lecavalier and loses puck.
17:32 of 3rd period - Wrist shot by Stephen Weiss.
17:32 of 3rd period - Deflect By Patric Hornqvist.
17:32 of 3rd period - Goal by Patric Hornqvist - Devils : 3 - Sénateurs : 2.
17:33 of 3rd period - Andrew Ebbett wins face-off versus Dustin Boyd in neutral zone.
17:40 of 3rd period - Snap shot by Jay Bouwmeester.
17:40 of 3rd period - Shot Misses the Net.
17:47 of 3rd period - Off-side.
17:48 of 3rd period - Vincent Lecavalier wins face-off versus Gilbert Brule in neutral zone.
18:01 of 3rd period - Mike Komisarek is hit by Vitaly Vishnevsky and loses puck.
18:42 of 3rd period - Mike Komisarek is hit by Todd Bertuzzi and loses puck.
19:17 of 3rd period - Ben Lovejoy is hit by Todd Bertuzzi and loses puck.
19:20 of 3rd period - Sénateurs, Jonas Hiller is pulled from the net.
19:22 of 3rd period - Wrist shot by Daymond Langkow.
19:22 of 3rd period - Stopped by Viktor Fasth with a rebound.
19:24 of 3rd period - Slapshot by Ryan Parent.
19:24 of 3rd period - Deflect By Darcy Hordichuk.
19:24 of 3rd period - Stopped by Viktor Fasth with a rebound.
19:26 of 3rd period - Wrist shot by Todd Bertuzzi.
19:26 of 3rd period - Shot Misses the Net.
19:28 of 3rd period - Slapshot by Ryan Parent.
19:28 of 3rd period - Stopped by Viktor Fasth with a rebound.
19:30 of 3rd period - Wrist shot by Darcy Hordichuk.
19:30 of 3rd period - Stopped by Viktor Fasth without a rebound.
19:31 of 3rd period - Larry Robinson call a timeout for Sénateurs.
19:31 of 3rd period - Gilbert Brule wins face-off versus Jason Arnott in Devils zone.
Goals for this period are 1 for Devils vs 0 for Sénateurs.
Shots for this period are 10 for Devils vs 11 for Sénateurs.
Output by the SimonT Hockey Simulator (STHS) for François Prévost -- Original Page W3C XHTML 1.0 Valid